[Event "*** Titled Tuesday Blitz"]
[Site "Chess.com"]
[Date "2020.04.07"]
[Round "6"]
[White "nochewycandy"]
[Black "Megagigahiper3345"]
[Result "1-0"]
[WhiteElo "2521"]
[BlackElo "2305"]
[TimeControl "180+1"]
[EndTime "14:07:54 PDT"]
[Termination "nochewycandy won on time"]

1. e4 c5 2. Nc3 d6 3. d4 cxd4 4.
Qxd4 a6 5. b3 Nc6 6. Qd2 g6 7. Bb2 Bh6 8. f4 f5 9. Nd5 e5 10. g3 Nf6 11. O-O-O Nxe4 12. Qe3 O-O 13. Bc4 Kh8 14. Nf3 Bg7 15. fxe5 b5 16. Be2 Be6 17. Nf4 Bg8 18. exd6 Bxb2+ 19. Kxb2 Qf6+ 20. Nd4 Rad8 21. c3 Rxd6 22. h4 Ne5 23. Nf3 Rc8 24.
Rxd6 Qxd6 25. Rd1 Qf6 26. Qd4 Nxf3 27. Bxf3 Qxd4 28. Rxd4 Nxc3 29. Rd6 b4 30. Rxa6 Nb5 31.
Rb6 Nd4 32. Bd1 Nc6 33. Nd3 Rd8 34. Bc2 Nd4 35. Nxb4 Ne2 36. Rc6 Nxg3 37. a4 Ne2 38. a5 f4 39. a6 f3 40. Rf6 Nd4 41. Be4 Kg7 42. Rxf3 Nxf3 43. Bxf3 Rf8 44. a7 h6 45.
Na6 g5 46. hxg5 hxg5 47. Nb8 g4 48. a8=Q gxf3 49. Qa7+ Rf7 50. Qf2 Kf8 51. Nc6 Rf6 52.
Nd4 Bd5 53. Nc2 Ke8 54. Ne3 Be4 55. Qh4 1-0

[Event "*** Titled Tuesday Blitz"]
[Site "Chess.com"]
[Date "2020.04.07"]
[Round "6"]
[White "garfield_pg"]
[Black "michaelk123"]
[Result "0-1"]
[WhiteElo "2223"]
[BlackElo "2429"]
[TimeControl "180+1"]
[EndTime "14:07:54 PDT"]
[Termination "michaelk123 won on time"]

1. e4 c6 2. d4 d5 3. Nc3 dxe4 4. Nxe4 Bf5 5. Ng3 Bg6 6. h4 h6 7. Nf3 e6 8. h5 Bh7 9. Bd3 Bxd3 10. Qxd3 Nf6 11. Bd2 Be7 12. O-O-O c5 13. Bc3 Nc6 14.
dxc5 Qxd3 15. Rxd3 Bxc5 16. Ne5 Bxf2 17. Nxc6 bxc6 18. Rf1 Bxg3 19. Rxg3 Nxh5 20. Rgf3 Nf6 21. Bxf6 gxf6 22. Rxf6 Rh7 23. Rh1 h5 24. g4 h4 25. g5 Ke7 26. Rh6 Rg7 27. Rh5 Rag8 28. R1xh4 Rxg5 29. Rxg5 Rxg5 30. Ra4 a5 31. b4 axb4 32.
Rxb4 f5 33. Kd2 Rg4 34. Rb6 Kd6 35. Ra6 Kc5 36. a4 Re4 37. Kd3 Rd4+ 38. Ke3 Rc4 39.
Kd3 f4 40. Ra8 Rd4+ 41. Ke2 e5 42. a5 e4 43. a6 Rc4 0-1

[Event "*** Titled Tuesday Blitz"]
[Site "Chess.com"]
[Date "2020.04.07"]
[Round "6"]
[White "Sviridov_Valery"]
[Black "severomorskij"]
[Result "0-1"]
[WhiteElo "2785"]
[BlackElo "2860"]
[TimeControl "180+1"]
[EndTime "14:07:55 PDT"]
[Termination "severomorskij won by resignation"]

1. Nf3 Nf6 2. d4 d5 3. e3 c5 4. c3 Nc6 5. Nbd2 cxd4 6. exd4 Bf5 7. Qa4 Qc7 8. Ne5 Bd7 9. Nxd7 Nxd7 10. Nf3 e6 11. Bd3 Bd6 12. O-O O-O 13. Qc2 h6 14.
Re1 Rac8 15. a3 a6 16. g3 Rfe8 17. Be3 Na5 18. Rad1 Nc4 19. Bc1 b5 20. Kg2 Rb8 21. Qe2 a5 22. Ne5 Ndxe5 23. dxe5 Bf8 24. h4 b4 25. cxb4 axb4 26. a4 b3 27. g4 Bb4 28.
Rh1 Nxe5 29. Bb5 Rec8 30. Rh3 Ng6 31. g5 Qxc1 32. Rxc1 Nf4+ 33. Kf3 Nxe2 34. Rxc8+ Rxc8 35. Kxe2 Rc2+ 36. Kd1 Rxb2 37. Kc1 Ba3 38. Kd1 Rb1+ 39. Kd2 Bb4+ 40. Ke2 Re1+ 41. Kf3 b2 0-1

[Event "*** Titled Tuesday Blitz"]
[Site "Chess.com"]
[Date "2020.04.07"]
[Round "6"]
[White "m-garcett"]
[Black "fish7728"]
[Result "0-1"]
[WhiteElo "1894"]
[BlackElo "2139"]
[TimeControl "180+1"]
[EndTime "14:07:55 PDT"]
[Termination "fish7728 won by checkmate"]

1. e4 c5 2. Nf3 e6 3. d4 cxd4 4. Nxd4 a6 5. Bd3 Qc7 6. Qe2 d6 7. O-O Nf6 8. c4 Nbd7 9. Nc3 b6 10. f4 Bb7 11. Be3 Be7 12. b4 O-O 13. g4 d5 14.
e5 Ne4 15. Bxe4 dxe4 16. Rac1 Bxb4 17. Nd5 exd5 18. cxd5 Qd8 19. e6 Nc5 20. exf7+ Rxf7 21. Ne6 Nxe6 22. dxe6 Re7 23. f5 Qd3 24. Qf2 Bc5 25.
Bxc5 bxc5 26. Qxc5 Rae8 27. Rcd1 Qe2 28. Qf2 Qxg4+ 29.
Qg3 Qxg3+ 30. hxg3 h6 31. Rfe1 Rc8 32. Rd6 Rc5 33.
g4 h5 34. Rb1 hxg4 35. Rd7 Rc7 36. Rd8+ Kh7 37. Kf2 Rc3 38. Rh1+ Rh3 39. Rb1 e3+ 40. Ke2 Bc6 41. Rb6 Bb5+ 42. Ke1 Rh1# 0-1

[Event "*** Titled Tuesday Blitz"]
[Site "Chess.com"]
[Date "2020.04.07"]
[Round "6"]
[White "GOGIEFF"]
[Black "SketchyMoves"]
[Result "1/2-1/2"]
[WhiteElo "2943"]
[BlackElo "2758"]
[TimeControl "180+1"]
[EndTime "14:07:56 PDT"]
[Termination "Game drawn by repetition"]

1. d4 e6 2. c4 Bb4+ 3. Nc3 Nf6 4.
e3 O-O 5. Bd3 c5 6. Nf3 Nc6 7.
O-O Bxc3 8. bxc3 d6 9. Nd2 e5 10. d5 Ne7 11. f3 Nh5 12. g4 Nf6 13. Rf2 Ne8 14. e4 Ng6 15. Nf1 Nf4 16. Ng3 Nh3+ 17. Kg2 Nxf2 18. Kxf2 g6 19. Kg2 Qh4 20. Be3 Ng7 21. Qd2 Qe7 22. Bh6 Bd7 23. Kh1 Rab8 24. Rg1 f6 25. h4 Kh8 26. Qh2 a6 27. a4 b5 28. cxb5 axb5 29. h5 c4 30. Bc2 g5 31.
axb5 Rxb5 32. Ba4 Rb7 33. Bc6 Rc7 34. Bxg7+ Qxg7 35. Bxd7 Qxd7 36. Nf5 Rb8 37. h6 Rcb7 38. Qf2 Rb1 39. Rxb1 Rxb1+ 40. Kg2 Qc7 41. Qa2 Qb8 42. Kg3 Rg1+ 43. Kh3 Rf1 44. Kg3 Rg1+ 45. Kh3 Rf1 46. Kg3 Rg1+ 1/2-1/2

[Event "*** Titled Tuesday Blitz"]
[Site "Chess.com"]
[Date "2020.04.07"]
[Round "6"]
[White "francyIM"]
[Black "1g41-0"]
[Result "0-1"]
[WhiteElo "2657"]
[BlackElo "2514"]
[TimeControl "180+1"]
[EndTime "14:07:56 PDT"]
[Termination "1g41-0 won by resignation"]

1. d4 d5 2. c4 c6 3. Nf3 Nf6 4. e3 Bf5 5. Nc3 e6 6. Nh4 Be4 7. f3 Bg6 8. Qb3 Qc7 9. Bd2 Nbd7 10. O-O-O a5 11. Nxg6 hxg6 12. Qc2 Rxh2 13. Rxh2 Qxh2 14.
c5 Qc7 15. Bd3 b6 16. cxb6 Nxb6 17. e4 Nfd7 18. Kb1 Qb7 19. Rc1 Bd6 20. Nd1 c5 21.
exd5 Nxd5 22. dxc5 Nxc5 23. Bc4 Nb4 24. Qc3 Kf8 25.
Qd4 Be7 26. Bh6 f6 27. Be3 Rd8 28. Qg4 Nbd3 29. Rc2 Ne5 30. Qh4 Rxd1+ 31. Bc1 Nxc4 32.
Qxc4 Kf7 33. Qe2 Qd5 34. g4 Qd3 35. Qf2 Qd4 36. Qe2 Rh1 37. a3 Nb3 38. Rc6 Rxc1+ 39. Rxc1 Nxc1 40. Kxc1 Bxa3 41. Qa6 Qxb2+ 42. Kd1 Qc1+ 43. Ke2 Qc2+ 44. Kf1 Qd1+ 45. Kg2 Qd2+ 46. Kh3 Be7 47. Qa7 g5 48. Qa8 Qb4 49. Qe4 Qxe4 50. fxe4 a4 0-1

[Event "*** Titled Tuesday Blitz"]
[Site "Chess.com"]
[Date "2020.04.07"]
[Round "6"]
[White "Manukyan_Artak"]
[Black "Olga_Zhuravleva"]
[Result "1-0"]
[WhiteElo "2408"]
[BlackElo "2216"]
[TimeControl "180+1"]
[EndTime "14:07:56 PDT"]
[Termination "Manukyan_Artak won on time"]

1. e4 e5 2. Nf3 Nc6 3. d4 exd4 4. Nxd4 Nf6 5. Nxc6 bxc6 6. e5 Qe7 7. Qe2 Nd5 8. c4 Ba6 9. b3 g6 10. g3 Bg7 11. Bb2 O-O 12. Bg2 Nb6 13. O-O Rae8 14. Re1 f6 15. e6 Qxe6 16. Qxe6+ Rxe6 17. Rxe6 dxe6 18. Bxc6 Rd8 19. Nc3 Rd2 20. Bc1 Rc2 21. Nb5 f5 22. Rb1 Bxb5 23. cxb5 Bd4 24. Bf4 Rxf2 25.
Kh1 e5 26. Bg5 Rxa2 27. Bd8 Kf7 28. Bxc7 Ke6 29. Rd1 Rb2 30. Bb8 Nd5 31. Bxa7 Rxb3 32. Bxd4 exd4 33. Rxd4 Nc3 34. Rd3 Rb1+ 35. Kg2 Nxb5 36.
h4 Nd6 37. Re3+ Kf6 38. Bd5 Rb2+ 39. Kh3 Nf7 40. Re6+ Kg7 41. Re7 Kh6 42. Bxf7 Rb3 43. Bg8 1-0

[Event "*** Titled Tuesday Blitz"]
[Site "Chess.com"]
[Date "2020.04.07"]
[Round "6"]
[White "sandromareco"]
[Black "Volodar_Murzin"]
[Result "0-1"]
[WhiteElo "2880"]
[BlackElo "2698"]
[TimeControl "180+1"]
[EndTime "14:07:57 PDT"]
[Termination "Volodar_Murzin won by checkmate"]

1. Nf3 Nf6 2. c4 g6 3. g3 Bg7 4. Bg2 O-O 5. O-O d6 6. d4 Nbd7 7. Nc3 e5 8. b3 Re8 9. e3 c6 10. a4 e4 11. Nd2 d5 12. Ba3 a5 13. cxd5 cxd5 14. Nb5 Re6 15. Rc1 Rc6 16. f3 exf3 17.
Qxf3 Nf8 18. h3 Ne6 19. g4 Bd7 20. Kh1 Rxc1 21. Rxc1 Rc8 22. Rxc8 Qxc8 23. Qd1 Bh6 24. Nf1 Ne4 25. Bxe4 dxe4 26. d5 Ng5 27. Nd6 Qc7 28.
h4 Nf3 29. Nxe4 Nxh4 30. Nf6+ Kh8 31. Bb2 Bg7 32. Qd4 Qc2 33. Qd2 Qxb3 34. Qh2 Qc4 35. Nd2 Qc2 36. Qxh4 Qd1+ 37. Kg2 Qxd2+ 38. Kf3 h6 39. Bd4 Bxa4 40. Ne8 Bd1+ 41. Ke4 Qg2+ 42. Kd3 Qc2# 0-1

[Event "*** Titled Tuesday Blitz"]
[Site "Chess.com"]
[Date "2020.04.07"]
[Round "6"]
[White "Pudor"]
[Black "Teidi96"]
[Result "1-0"]
[WhiteElo "2355"]
[BlackElo "2207"]
[TimeControl "180+1"]
[EndTime "14:07:59 PDT"]
[Termination "Pudor won on time"]

1. d4 Nf6 2. c4 e6 3. Nc3 Bb4 4. Nf3 O-O 5. Qc2 c5 6. g3 cxd4 7. Nxd4 d5 8. cxd5 Qxd5 9. Nf3 Ne4 10. Bg2 Nxc3 11. bxc3 Qc5 12. Bd2 Nc6 13. O-O Bd7 14. Ng5 g6 15. Ne4 Qc4 16. Nf6+ Kg7 17. Nxd7 Rfd8 18. Bxc6 bxc6 19. Ne5 Qxe2 20. cxb4 Rxd2 21.
Qc3 Rc2 22. Qe1 Rxa2 23. Qxe2 Rxe2 24. Nxc6 a6 25. b5 Rc2 26. Nd4 Rc4 27. Rfd1 a5 28.
Rab1 a4 29. b6 a3 30. b7 Rb8 31. Rd2 Rc7 32. Ra1 Rc3 33. Nb5 Rb3 34. Nxa3 R8xb7 35. Nc4 R7b4 36. Ne3 Rb6 37. Kg2 Rb7 38. Rad1 1-0

[Event "*** Titled Tuesday Blitz"]
[Site "Chess.com"]
[Date "2020.04.07"]
[Round "6"]
[White "anon132639"]
[Black "daro94"]
[Result "1-0"]
[WhiteElo "2646"]
[BlackElo "2841"]
[TimeControl "180+1"]
[EndTime "14:08:00 PDT"]
[Termination "anon132639 won on time"]

1. d4 g6 2. e4 Bg7 3. Nc3 d6 4. Be3 a6 5. Qd2 Nd7 6. O-O-O b5 7. f3 Nb6 8. Qf2 b4 9. Nce2 Nc4 10. Nf4 Nxe3 11. Qxe3 e6 12. Kb1 a5 13. Bb5+ Bd7 14. Bxd7+ Qxd7 15. Nge2 Ne7 16. h4 h6 17. g4 Qb5 18. d5 e5 19. Nd3 Nc8 20. h5 g5 21.
c4 bxc3 22. Nxc3 Qa6 23. Na4 O-O 24. Rc1 Qb7 25. Rc4 Ne7 26. Rhc1 Rfc8 27. Ka1 Rab8 28. Qd2 c6 29. dxc6 Rxc6 30. Rxc6 Nxc6 31. Qc3 Nd4 32.
Qxa5 Nxf3 33. Qc7 Nd2 34. Qxb7 Rxb7 35. Nf2 d5 36. exd5 e4 37. Re1 Rb4 38. Nc3 e3 39.
Rxe3 1-0

[Event "*** Titled Tuesday Blitz"]
[Site "Chess.com"]
[Date "2020.04.07"]
[Round "6"]
[White "Tomytoteph"]
[Black "esteban062000"]
[Result "0-1"]
[WhiteElo "2304"]
[BlackElo "2202"]
[TimeControl "180+1"]
[EndTime "14:08:00 PDT"]
[Termination "esteban062000 won by checkmate"]

1. d4 Nf6 2. Nf3 e6 3. c4 Bb4+ 4. Nbd2 O-O 5. a3 Be7 6. e4 d6 7. Bd3 Nc6 8. Qc2 e5 9. d5 Nb8 10. b4 a5 11. Bb2 axb4 12. axb4 Rxa1+ 13. Bxa1 Na6 14. Bc3 c6 15. O-O cxd5 16. exd5 h6 17. Re1 Nc7 18. Nb3 b5 19. c5 dxc5 20. Nxe5 Ncxd5 21. Nc6 Qc7 22. Nxe7+ Nxe7 23. Bxf6 gxf6 24. Nxc5 Nd5 25.
Re4 Bf5 26. Rd4 Nxb4 27. Rxb4 Bxd3 28. Qxd3 Qxc5 29. Rg4+ Kh8 30. Qd2 Kh7 31. h3 Rg8 32.
Qd3+ Rg6 33. Rf4 Qc1+ 34. Kh2 Qxf4+ 35. Kg1 Qc1+ 36. Kh2 Qc4 37. Qd7 Kg7 38. g3 Qf1 39. Qd4 Qc4 40. Qb2 b4 41. h4 Qc3 42. Qe2 b3 43. h5 Rg5 44. f4 Qc2 45. Qxc2 bxc2 46. fxg5 fxg5 47. g4 c1=Q 48. Kg3 Qe3+ 49. Kg2 Qe4+ 50.
Kg3 Qf4+ 51. Kh3 Qf3+ 52. Kh2 Qxg4 53. Kh1 f5 54. Kh2 f4 55. Kh1 f3 56. Kh2 Qg2# 0-1

[Event "*** Titled Tuesday Blitz"]
[Site "Chess.com"]
[Date "2020.04.07"]
[Round "6"]
[White "UmutErdemGunduz"]
[Black "tteshan"]
[Result "1-0"]
[WhiteElo "2414"]
[BlackElo "2201"]
[TimeControl "180+1"]
[EndTime "14:08:01 PDT"]
[Termination "UmutErdemGunduz won by resignation"]

1. e4 c5 2. Nf3 Nc6 3. d4 cxd4 4. Nxd4 g6 5. Nc3 Bg7 6. Be3 Nf6 7. Bc4 O-O 8. f3 d6 9. Qd2 Bd7 10. h4 h5 11. O-O-O Rc8 12. Bb3 Na5 13. Kb1 Nc4 14.
Bxc4 Rxc4 15. Nb3 b5 16. Bh6 b4 17. Bxg7 Kxg7 18. Nd5 Nxd5 19. Qxd5 Be6 20. Qd3 Qc7 21. g4 hxg4 22. fxg4 Bxg4 23. Rdg1 Bh5 24. Rg5 Rc8 25. Rhg1 Rh8 26. Rf1 f6 27. Rg2 Rc8 28. Nd4 Qd7 29.
Qd2 Kh7 30. Rfg1 R8c5 31. Qd3 a5 32. Nf5 Rc3 33. bxc3 bxc3 34. Ka1 Qb7 35. Rb1 Qc6 36. Qe3 Rc4 37. Qh6+ 1-0

[Event "*** Titled Tuesday Blitz"]
[Site "Chess.com"]
[Date "2020.04.07"]
[Round "6"]
[White "letantha"]
[Black "Maili15"]
[Result "1/2-1/2"]
[WhiteElo "2136"]
[BlackElo "2285"]
[TimeControl "180+1"]
[EndTime "14:08:02 PDT"]
[Termination "Game drawn by stalemate"]

1. e4 c5 2. c3 d5 3. exd5 Qxd5 4. d4 Nf6 5. Nf3 e6 6. Na3 Qd8 7. Nc2 Nc6 8. Be3 cxd4 9. Ncxd4 Nxd4 10. Qxd4 Qxd4 11.
Bxd4 Be7 12. Be2 O-O 13. Ne5 Rd8 14. Bf3 Nd7 15. O-O-O f6 16. Nxd7 Rxd7 17. Rhe1 e5 18. Be3 Rc7 19. Bd5+ Kf8 20. Be4 h6 21. f4 f5 22. Bd5 e4 23. g4 fxg4 24. Bxe4 Be6 25. Kb1 Rac8 26. f5 Bf7 27. Bf4 Rc5 28. Be3 Ra5 29. a3 Bb3 30. Rd7 Rd8 31. Rxb7 Re5 32. Bd4 Rxe4 33. Rxe4 Bd5 34. Rexe7 Bxb7 35. Rxb7 a5 36.
Bxg7+ Kg8 37. Bxh6 Rd5 38. f6 Rf5 39. Rg7+ Kh8 40.
Rf7 Kg8 41. Rg7+ Kh8 42. Bg5 Rf1+ 43. Kc2 g3 44. hxg3 a4 45. Kd3 Rf3+ 46. Kc4 Rxc3+ 47.
Kb4 Rb3+ 48. Kxa4 Rxa3+ 49. Kxa3 1/2-1/2

[Event "*** Titled Tuesday Blitz"]
[Site "Chess.com"]
[Date "2020.04.07"]
[Round "6"]
[White "Gabrielian_Artur"]
[Black "riconaipe"]
[Result "0-1"]
[WhiteElo "2718"]
[BlackElo "2540"]
[TimeControl "180+1"]
[EndTime "14:08:03 PDT"]
[Termination "riconaipe won by resignation"]

1. e4 c6 2. d4 d5 3. Nd2 dxe4 4. Nxe4 Bf5 5. Ng3 Bg6 6. c3 e6 7. Nh3 Bd6 8. Nf4 Qc7 9. Qf3 e5 10. Nxg6 hxg6 11. dxe5 Bxe5 12. Be3 Nf6 13. O-O-O Nbd7 14. Bc4 Nb6 15. Bb3 Nbd5 16. Bc5 O-O-O 17. Kb1 Kb8 18.
h3 Rhe8 19. Rhe1 b6 20. Be3 Nxe3 21. Rxe3 Bxg3 22. Rxe8 Rxe8 23. fxg3 Re5 24. a4 Re7 25. Ka2 Ne4 26. g4 Nc5 27. Bc2 Rd7 28. Rxd7 Qxd7 29.
Qf4+ Kb7 30. b4 Qe6+ 31. Kb2 Nd7 32. Be4 Ne5 33. b5 g5 34. bxc6+ Kc7 35. Qg3 f6 36.
Bc2 Qd6 37. Bb3 Nc4+ 38. Bxc4 Qxg3 0-1

[Event "*** Titled Tuesday Blitz"]
[Site "Chess.com"]
[Date "2020.04.07"]
[Round "6"]
[White "bascheyaro"]
[Black "FabianoCaruana"]
[Result "0-1"]
[WhiteElo "2757"]
[BlackElo "3012"]
[TimeControl "180+1"]
[EndTime "14:08:04 PDT"]
[Termination "FabianoCaruana won by checkmate"]

1. d4 d5 2. Nf3 Nf6 3. c4 c6 4. Nc3 dxc4 5. Bg5 b5 6. Bxf6 exf6 7. e3 a6 8. g3 Bb4 9. Bg2 O-O 10. O-O Bb7 11. a4 Nd7 12. Nd2 Qb6 13. Qg4 Rad8 14. Rfd1 g6 15. Qh4 f5 16. axb5 cxb5 17. Nd5 Bxd5 18. Bxd5 Nf6 19. Bf3 h5 20. Nb1 a5 21.
Nc3 Be7 22. Qf4 b4 23. Na4 Qb5 24. Be2 Nd5 25. Qf3 Kg7 26. Rdc1 Nb6 27. Nxb6 Qxb6 28. Bxc4 h4 29. Bb3 hxg3 30. hxg3 Bf6 31. Rc6 Qa7 32. Rc5 Ra8 33. Qd5 Qe7 34. Raxa5 Rxa5 35. Rxa5 Rc8 36.
Rb5 Rc7 37. Rb6 Bg5 38. Kg2 Bf6 39. Qb5 Bg5 40. Qd5 Bf6 41. Qd6 Qe4+ 42. Kh2 Qe7 43.
Qxe7 Bxe7 44. Kg2 Rc1 45. Bd5 Rc2 46. b3 Bg5 47. Rb7 Bxe3 48. Rxf7+ Kh6 49. Kf3 Bxd4 50. Rd7 Rxf2# 0-1

[Event "*** Titled Tuesday Blitz"]
[Site "Chess.com"]
[Date "2020.04.07"]
[Round "6"]
[White "SerGo055"]
[Black "WIDBIFS"]
[Result "1-0"]
[WhiteElo "2557"]
[BlackElo "2787"]
[TimeControl "180+1"]
[EndTime "14:08:04 PDT"]
[Termination "SerGo055 won on time"]

1. d4 Nf6 2. Nf3 g6 3. c4 Bg7 4.
Nc3 O-O 5. Bg5 c5 6. d5 d6 7.
Qd2 a6 8. e4 Bg4 9. Bh6 b5 10.
Bxg7 Kxg7 11. cxb5 axb5 12. Bxb5 Qa5 13. Bd3 Bxf3 14.
gxf3 Nbd7 15. f4 Rab8 16. O-O Qb4 17. Rab1 Nb6 18. a3 Qa5 19. Rfd1 Rfc8 20. f3 Na4 21. Nxa4 Qxa4 22. Qc2 Qxc2 23. Bxc2 Nh5 24. f5 g5 25. Bd3 Rb3 26. Kf2 Rcb8 27. Rd2 Nf4 28. Bc4 Rxa3 29.
bxa3 Rxb1 30. Ra2 Rc1 31. Bf1 c4 32. a4 Nd3+ 33. Bxd3 cxd3 34. Ke3 Rc8 35. a5 Kf6 36.
a6 Ke5 37. a7 Ra8 38. Kxd3 Kf4 39. Ke2 h5 40. Ra4 g4 41. fxg4 hxg4 42. Kf2 Kg5 43.
Kg3 Kh5 44. Kf4 Kh4 45. Ra3 f6 46. Ra4 Kh3 47. Ra2 Kh4 48. Ra3 Kh5 49. h3 Kh4 50.
hxg4 1-0

[Event "*** Titled Tuesday Blitz"]
[Site "Chess.com"]
[Date "2020.04.07"]
[Round "6"]
[White "Stormeman100100"]
[Black "AndrewMaco"]
[Result "1-0"]
[WhiteElo "2491"]
[BlackElo "2619"]
[TimeControl "180+1"]
[EndTime "14:08:05 PDT"]
[Termination "Stormeman100100 won on time"]

1. e4 c6 2. d4 d5 3. e5 Bf5 4.
Nd2 e6 5. Nb3 Nd7 6. Nf3 c5 7. dxc5 Bxc5 8. Nxc5 Nxc5 9. Be3 Nd7 10. Nd4 Ne7 11. f4 O-O 12. Be2 Be4 13. O-O Rc8 14. c3 Nf5 15. Nxf5 Bxf5 16. a4 Nb8 17. Bxa7 b6 18. Bxb8 Rxb8 19. Qd4 Qc7 20. Rfc1 Qc5 21. b4 Qc7 22. a5 bxa5 23. bxa5 f6 24. a6 fxe5 25. fxe5 Be4 26. a7 Ra8 27. Rf1 Rfc8 28. Bg4 Re8 29. Rfe1 g6 30. Re2 Kg7 31. Rb2 Re7 32.
Rba2 h5 33. Bh3 g5 34. g3 g4 35. Bg2 Bxg2 36. Kxg2 Rf7 37. Ra6 Qb7 38. Rb6 Qe7 39. Raa6 Rxa7 40. Rxe6 Rxa6 41. Rxa6 Rf5 42. Ra7 1-0

[Event "*** Titled Tuesday Blitz"]
[Site "Chess.com"]
[Date "2020.04.07"]
[Round "6"]
[White "korbul"]
[Black "Andro2"]
[Result "1-0"]
[WhiteElo "2576"]
[BlackElo "2417"]
[TimeControl "180+1"]
[EndTime "14:08:05 PDT"]
[Termination "korbul won on time"]

1. d4 Nf6 2. c4 c5 3. d5 e5 4.
Nc3 d6 5. e4 Be7 6. g3 a6 7. a4 h5 8. h4 Nbd7 9. Bg2 Nf8 10.
Nge2 Bg4 11. f3 Bd7 12. Be3 Rb8 13. Qd2 Qc8 14. a5 Ng6 15. Na4 Bxa4 16. Rxa4 O-O 17.
Bh3 Qc7 18. O-O b5 19. axb6 Rxb6 20. Rfa1 Rfb8 21. R1a2 Qb7 22. Kf2 Ne8 23. b4 Rxb4 24. Rxa6 Rxc4 25. Ra7 Qb1 26. Bf5 Nf8 27. Ra1 Qb3 28.
Rxe7 Rc2 29. Qd1 Qb2 30. Rea7 g6 31. Bh3 Qb3 32. R7a3 Qc4 33. Qd3 Qxd3 34. Rxd3 Rbb2 35. Bf1 f5 36. exf5 gxf5 37. Rad1 e4 38. R3d2 Ng6 39. Rxc2 Rxc2 40. Rd2 Rc4 41. Nf4 Ne5 42. Bxc4 Nxc4 43. Ra2 Nf6 44. Ra7 exf3 45. Kxf3 Ng4 46. Bg1 Nce5+ 47.
Kg2 Nc4 48. Nxh5 Nd2 49. Rd7 c4 50. Rxd6 c3 51. Rc6 Ne4 52. Nf4 Ne5 53. Rc7 Nd3 54. Nxd3 1-0

[Event "*** Titled Tuesday Blitz"]
[Site "Chess.com"]
[Date "2020.04.07"]
[Round "6"]
[White "Alexander_Donchenko"]
[Black "ChristopherYoo"]
[Result "1-0"]
[WhiteElo "2863"]
[BlackElo "2659"]
[TimeControl "180+1"]
[EndTime "14:08:06 PDT"]
[Termination "Alexander_Donchenko won on time"]

1. Nf3 Nf6 2. c4 g6 3. Nc3 Bg7 4. e4 e5 5. Be2 O-O 6. O-O Re8 7. b4 c6 8. Bb2 d5 9. exd5 cxd5 10. d4 exd4 11.
Nxd4 Nc6 12. Nxc6 bxc6 13. Bf3 Ne4 14. Na4 Bxb2 15. Nxb2 Qf6 16. Na4 Ba6 17. Bxe4 Rxe4 18. Nc5 Rd4 19. Qa4 Bxc4 20. Rfd1 Re8 21. Qxa7 Re2 22.
Qb8+ Kg7 23. Qg3 Rdd2 24. Nd7 Qxf2+ 25. Qxf2 Rxf2 26. Rxd2 Rxd2 27. a4 d4 28. Nb6 Ba6 29. Nd7 d3 30. Nc5 Bc4 31. a5 Rc2 32. Rd1 d2 33.
Kf2 Rb2 34. Ke3 Rxb4 35. Rxd2 Rb5 36. Kd4 Bd5 37. a6 Ra5 38. Rb2 Kf6 39. Rb7 Ra1 40. a7 Kf5 41. Nd7 c5+ 42. Kxd5 1-0

[Event "*** Titled Tuesday Blitz"]
[Site "Chess.com"]
[Date "2020.04.07"]
[Round "6"]
[White "jaskol95"]
[Black "ethylalcohol"]
[Result "1-0"]
[WhiteElo "2391"]
[BlackElo "2149"]
[TimeControl "180+1"]
[EndTime "14:08:06 PDT"]
[Termination "jaskol95 won by checkmate"]

1. d4 Nf6 2. Bf4 g6 3. Nc3 d5 4. e3 Bg7 5. h4 Nbd7 6. Nb5 e5 7. dxe5 Nh5 8. Qxd5 Nxf4 9. exf4 O-O 10. Nc3 c6 11. Qd6 Qb6 12. Rb1 Re8 13. Nf3 Bf8 14. Qd2 Bb4 15. Bc4 Nc5 16. O-O Be6 17. Bxe6 Rxe6 18.
Qe3 Qa5 19. Nd4 Re7 20. Nb3 Nxb3 21. axb3 f6 22. Ra1 Qc7 23. Rxa7 Rxa7 24. Qxa7 fxe5 25.
fxe5 Rxe5 26. Qa4 Bc5 27. Qc4+ Kg7 28. Ne4 Ba7 29. Ng5 Qe7 30. g3 b5 31. Qc3 Kg8 32.
Rd1 Re2 33. Rf1 Qd6 34. Qf3 Re7 35. Rd1 Qe5 36. Rd8+ Re8 37. Qf7+ Kh8 38. Qxh7# 1-0

[Event "*** Titled Tuesday Blitz"]
[Site "Chess.com"]
[Date "2020.04.07"]
[Round "6"]
[White "benko_008"]
[Black "vaps"]
[Result "1-0"]
[WhiteElo "2370"]
[BlackElo "1974"]
[TimeControl "180+1"]
[EndTime "14:08:06 PDT"]
[Termination "benko_008 won on time"]

1. Nf3 c5 2. c4 Nc6 3. d4 cxd4 4. Nxd4 Nf6 5. Nc3 e6 6. a3 Be7 7. e4 d6 8. Be3 O-O 9. Be2 Nxd4 10. Qxd4 Bd7 11. O-O Bc6 12. Rfd1 a6 13. Rac1 Qa5 14. f4 Nd7 15. Bf3 e5 16. Qd2 exf4 17. Nd5 Qd8 18. Nxe7+ Qxe7 19. Bxf4 Ne5 20. Qxd6 Nxf3+ 21. gxf3 Qxd6 22.
Bxd6 Rfe8 23. Kf2 Re6 24. b4 Rd8 25. Bg3 Rxd1 26. Rxd1 g6 27. h4 Kg7 28. h5 f5 29. e5 g5 30. f4 g4 31. Bh4 Kh6 32. Kg3 Kxh5 33. Rd8 Kg6 34. Rf8 h5 35. Bg5 b5 36. c5 Be4 37. Rh8 Bf3 38. Kh4 Bc6 39. Rh6+ 1-0

[Event "*** Titled Tuesday Blitz"]
[Site "Chess.com"]
[Date "2020.04.07"]
[Round "6"]
[White "Antipov_Mikhail_Al"]
[Black "Lagmantr"]
[Result "1-0"]
[WhiteElo "2956"]
[BlackElo "2734"]
[TimeControl "180+1"]
[EndTime "14:08:07 PDT"]
[Termination "Antipov_Mikhail_Al won by resignation"]

1. e4 c6 2. d4 d5 3. exd5 cxd5 4. Bd3 Nc6 5. c3 Qc7 6. Ne2 Bg4 7. O-O Nf6 8. Qe1 e6 9. Bf4 Bd6 10. Bxd6 Qxd6 11.
Ng3 O-O 12. Nd2 Nh5 13. Qe3 Nxg3 14. hxg3 e5 15. dxe5 Nxe5 16. Bc2 Rae8 17. Qd4 Qh6 18. Rae1 Bc8 19. f3 Nc6 20. Qf4 Qxf4 21. gxf4 d4 22. c4 Nb4 23. Bb1 d3 24. a3 Nc2 25.
Rc1 Re2 26. Bxc2 Rxd2 27. Bb1 Rd8 28. b4 h6 29. Rcd1 Rb2 30. Rxd3 Rxd3 31. Bxd3 Rb3 32. Be4 Rxa3 33. Rd1 f5 34. Rd8+ Kh7 35. Bd5 a5 36.
bxa5 Rxa5 37. Rxc8 Ra1+ 38. Kh2 Rd1 39. Bxb7 Rd5 40. Bxd5 1-0

[Event "*** Titled Tuesday Blitz"]
[Site "Chess.com"]
[Date "2020.04.07"]
[Round "6"]
[White "GianmarcoVaR"]
[Black "Slovak_fighter2000"]
[Result "1-0"]
[WhiteElo "2640"]
[BlackElo "2485"]
[TimeControl "180+1"]
[EndTime "14:08:07 PDT"]
[Termination "GianmarcoVaR won by checkmate"]

1. d4 Nf6 2. c4 e6 3. g3 d5 4. Bg2 Bb4+ 5. Bd2 Be7 6. Nf3 O-O 7.
O-O c6 8. Qc2 Nbd7 9. Bf4 Nh5 10. Bc1 Nhf6 11. b3 b6 12. Nbd2 Bb7 13. Bb2 Rc8 14. Rfd1 Qc7 15. e4 dxe4 16. Nxe4 c5 17. Nxf6+ Nxf6 18. d5 exd5 19. cxd5 Bxd5 20. Ng5 h6 21.
Bxf6 hxg5 22. Bxe7 Bxg2 23. Bxf8 Bh3 24. Bd6 Qc6 25. f4 g4 26. Qd2 Rd8 27. Qd5 Qb5 28. Rd2 Qb4 29. Rad1 Qc3 30. Qd3 Qf6 31. Be5 Rxd3 32.
Bxf6 Rf3 33. Bb2 Kh7 34. Re2 Kg6 35. Bc1 f6 36. Be3 Kf5 37. Rde1 g6 38. Rf2 Ke4 39.
Rxf3 Kxf3 40. Bf2 g5 41. Re3# 1-0

[Event "*** Titled Tuesday Blitz"]
[Site "Chess.com"]
[Date "2020.04.07"]
[Round "6"]
[White "BillCoe"]
[Black "AlphaZ3r0"]
[Result "0-1"]
[WhiteElo "2024"]
[BlackElo "2255"]
[TimeControl "180+1"]
[EndTime "14:08:07 PDT"]
[Termination "AlphaZ3r0 won on time"]

1. e4 c5 2. Nf3 e6 3. g3 Nc6 4.
Bg2 Nf6 5. e5 Nd5 6. O-O Qc7 7.
Re1 b5 8. c3 d6 9. exd6 Bxd6 10.
d4 O-O 11. Nbd2 cxd4 12. Nxd4 Nxd4 13. cxd4 Bb7 14. Ne4 Be7 15. Bg5 Rfd8 16. Bxe7 Nxe7 17. Rc1 Qb6 18. Nc5 Bxg2 19. Kxg2 Nf5 20. Re4 Rac8 21. b4 Qc6 22. f3 Qd5 23. Qd2 Nxd4 24. Rd1 Nf5 25.
Qxd5 Rxd5 26. Rxd5 exd5 27. Re5 g6 28. g4 f6 29. Re6 Nh4+ 30. Kg3 Kf7 31. Rd6 g5 32.
Rxd5 Re8 33. Rd7+ Kg6 34. f4 Re3+ 35. Kf2 Rf3+ 36. Ke2 Rxf4 37. h3 Rxb4 38. Rxa7 Rb2+ 39. Kd3 Rh2 0-1